 Dungeon Crawl Stone Soup version 0.30-a0-218-gedb9141078 (webtiles) character file.

Game seed: 7907182008092207003

1861 KennySheep the Cudgeller (level 9, -1/93 HPs)
             Began as an Ogre Hedge Wizard on Oct 5, 2022.
             Was an Initiate of Gozag.
             Killed from afar by a steam dragon (17 damage)
             ... with a ball of steam
             ... on level 6 of the Dungeon.
             The game lasted 00:21:36 (7514 turns).

KennySheep the Cudgeller (Ogre Hedge Wizard)        Turns: 7514, Time: 00:21:37

Health: -1/93      AC:  4    Str: 18    XL:     9   Next: 13%
Magic:  17/18      EV: 13    Int: 17    God:    Gozag
Gold:   1204       SH:  0    Dex:  8    Spells: 10/20 levels left

rFire   . . .      SeeInvis .    a - +0 giant club
rCold   . . .      Faith    .    (shield currently unavailable)
rNeg    . . .      Spirit   .    l - +0 robe
rPois   .          Reflect  .    c - +0 hat
rElec   +          Harm     .    o - +0 cloak
rCorr   +          Rampage  .    (gloves unavailable)
Will    +....                    (boots unavailable)
Stlth   +.........               (no amulet)
HPRegen 0.35/turn                f - +4 ring of evasion
MPRegen 0.16/turn                j - ring of Yfuitaci {Fly rElec Will+ rCorr}

@: mighty, lethally poisoned (-1 -> -3), gold aura, flying
A: large, unfitting armour, tough skin 1
a: Renounce Religion, Potion Petition, Call Merchant, Bribe Branch


You were on level 6 of the Dungeon.
You worshipped Gozag.
Gozag was most pleased with you.
You visited 1 branch of the dungeon, and saw 6 of its levels.
You also visited: Ossuary.

You collected 1239 gold pieces.
You paid 35 gold pieces to Gozag.

Inventory:

Hand Weapons
 a - a +0 giant club (weapon)
 u - a +0 morningstar
 x - a +0 mace
Armour
 c - a +0 hat (worn)
 l - a +0 robe (worn)
 o - a +0 cloak (worn)
Magical Staves
 b - a staff of conjuration
Jewellery
 f - a +4 ring of evasion (left hand)
 j - the ring of Yfuitaci (right hand) {Fly rElec Will+ rCorr}
   (You found it on level 4 of the Dungeon)

   [ring of flight]

   rElec:     It insulates you from electricity.
   Fly:       It grants you flight.
   rCorr:     It protects you from acid and corrosion.
   Will:      It increases your willpower.
 n - a ring of flight
Wands
 e - a wand of flame (3)
Scrolls
 d - a scroll of enchant weapon
 g - a scroll of fog
 h - 3 scrolls of amnesia
 i - a scroll of immolation
 m - 2 scrolls of noise
 p - a scroll of poison
 q - 2 scrolls of brand weapon
 r - a scroll of fear
 v - 2 scrolls of vulnerability
 w - 2 scrolls of blinking
 y - a scroll of torment {unknown}
 z - a scroll of identify
Potions
 k - a potion of flight
 s - 2 potions of might
 t - a potion of ambrosia


   Skills:
 + Level 7.1 Fighting
 * Level 7.2 Maces & Flails
 - Level 1.7 Dodging
 - Level 1.4 Stealth
 + Level 6.1 Spellcasting
 - Level 3.7 Conjurations
 - Level 1.0 Summonings
 - Level 1.0 Translocations


You had 10 spell levels left.
You knew the following spells:

 Your Spells              Type           Power      Damage    Failure   Level
a - Magic Dart            Conj           68%        1d6       2%          1
b - Blink                 Tloc           16%        N/A       13%         2
c - Call Imp              Summ           8%         N/A       13%         2
d - Cigotuvi's Dreadful   Necr/Pois/Air  10%        N/A       19%         2
e - Mephitic Cloud        Conj/Pois/Air  9%         N/A       22%         3

Your spell library contained the following spells:

 Spells                   Type           Power      Damage    Failure   Level
 Sandblast                Erth           10%        2d5       13%         1
 Slow                     Hex            20%        N/A       13%         1


Dungeon Overview and Level Annotations

Branches:
Dungeon (6/15)             Temple (0/1) D:4         Ossuary (visited)

Altars:
Fedhas
Gozag
Nemelex Xobeh
Qazlal
Ru
Sif Muna
Xom
The Shining One


Innate Abilities, Weirdness & Mutations

You are too large for most types of armour.
You have tough skin. (AC +1)


Message History

The water moccasin bites you but does no damage.
The orc hits you from afar with a +0 trident.
The water moccasin barely misses you.
You closely miss the water moccasin.
The water moccasin is almost dead.
The water moccasin bites you. The orc misses you. The water moccasin bites you.
You are poisoned.
The water moccasin poisons you!
The orc hits you from afar with a +0 trident.
You miss the water moccasin.
The water moccasin is almost dead.
You feel very sick. The water moccasin closely misses you.
The orc barely misses you. The water moccasin closely misses you.
You hit the water moccasin.
The water moccasin is almost dead.
You feel sick. The water moccasin closely misses you.
The orc barely misses you.
You feel very mighty all of a sudden.
You feel sick. The water moccasin bites you.
* * * LOW HITPOINT WARNING * * *
The orc closely misses you. The water moccasin bites you.
* * * LOW HITPOINT WARNING * * *
You miss the water moccasin.
The water moccasin is almost dead.
You feel sick. The water moccasin barely misses you.
The orc hits you but does no damage.
You barely miss the water moccasin.
The water moccasin is almost dead.
You feel sick. The water moccasin bites you.
* * * LOW HITPOINT WARNING * * *
The orc completely misses you. The water moccasin bites you.
* * * LOW HITPOINT WARNING * * *
You sock the water moccasin!
You kill the water moccasin!
You feel sick. The orc closely misses you.
The steam dragon breathes steam at you. The ball of steam hits you!
You die...
Your body crumbles into a pile of gold.

# #.# #..#
#.#.... # #.#
#..## #.#.... #
#.# #...#
#.##### #.#
#.#.# #.# # #.#
#.#.# ###.# #
#.#.# #...# #
#.#.# #.### #
#########.#.#
#'#######
#......D@.#.#
##...#...
......o####.#
#.>.#.>.
..####.
#.######...#...
#.
#.....#########
#.
########...#...
#. #.>.#... #.
#...#... ##
+####### #


You could see a steam dragon (catching breath) and an orc.

Vanquished Creatures
  2 water moccasins
  A sky beast (D:6)
  A black bear (D:6)
  3 ice beasts
  An ogre (D:6)
  A centaur (D:4)
  A phantom (D:4)
  An elf zombie (Ossuary)
  A necrophage (D:4)
  4 scorpions
  A howler monkey (D:6)
  4 jellies
  2 centaur zombies (Ossuary)
  An orc priest (D:5)
  3 hounds
  Terence (D:2)
  3 iguanas
  6 adders
  2 shadow imps
  3 white imps (D:6)
  An ufetubus (D:5)
  A worm (D:2)
  2 dart slugs
  8 orcs
  2 bats
  7 endoplasms
  A giant cockroach (D:4)
  A goblin (D:4)
  7 hobgoblins
  2 jackals (D:1)
  5 quokkas
  5 ball pythons
  2 frilled lizards
  3 goblin zombies (Ossuary)
  6 hobgoblin zombies (Ossuary)
  3 jackal zombies (Ossuary)
  6 kobolds
  10 kobold zombies (Ossuary)
  8 orc zombies (Ossuary)
  5 rats
  A rat zombie (Ossuary)
128 creatures vanquished.

Vanquished Creatures (collateral kills)
  A human zombie (Ossuary)
  2 mummies (Ossuary)
  A kobold zombie (Ossuary)
  An orc zombie (Ossuary)
5 creatures vanquished.

Vanquished Creatures (others)
  A plant (D:2)
1 creature vanquished.

Grand Total: 134 creatures vanquished

Notes
Turn   | Place    | Note
-------+----------+-------------------------------------------
     0 | D:1      | KennySheep the Ogre Hedge Wizard began the quest for the
                  | Orb.
     0 | D:1      | Reached XP level 1. HP: 16/16 MP: 5/5
   184 | D:1      | Reached skill level 1 in Summonings
   348 | D:1      | Reached skill level 1 in Conjurations
   348 | D:1      | Reached skill level 1 in Translocations
   460 | D:1      | Reached XP level 2. HP: 24/24 MP: 4/6
   864 | D:1      | Reached skill level 1 in Maces & Flails
  1016 | D:1      | Reached skill level 1 in Fighting
  1083 | D:1      | Reached XP level 3. HP: 33/33 MP: 4/8
  1507 | D:2      | Found an opulent altar of Gozag.
  1516 | D:2      | Became a worshipper of Gozag Ym Sagoz the Greedy
  1779 | D:2      | Noticed Terence
  1824 | D:2      | Killed Terence
  1825 | D:2      | Reached XP level 4. HP: 23/41 MP: 2/10
  1862 | D:2      | Learned a level 2 spell: Blink
  1865 | D:2      | Learned a level 2 spell: Call Imp
  1868 | D:2      | Learned a level 2 spell: Cigotuvi's Dreadful Rot
  1872 | D:2      | Learned a level 3 spell: Mephitic Cloud
  2389 | D:2      | Found a faded altar of an unknown god.
  2400 | D:2      | Got Plato's Tome of Bedrock
  2744 | D:3      | You fall into a shaft and drop 1 floor!
  2930 | D:4      | Found a shimmering blue altar of Sif Muna.
  2951 | D:4      | Found a staircase to the Ecumenical Temple.
  3003 | D:4      | Noticed a scorpion
  3026 | D:4      | HP: 2/42 [poisoned by a scorpion]
  3029 | D:4      | Killed a scorpion
  3030 | D:4      | Reached XP level 5. HP: 9/49 MP: 11/11
  3380 | D:4      | Noticed a centaur
  3395 | D:4      | Killed a centaur
  3396 | D:4      | Reached XP level 6. HP: 25/59 MP: 5/12
  3844 | D:4      | Reached XP level 7. HP: 67/67 MP: 11/14
  4164 | D:4      | Identified the ring of Yfuitaci {Fly rElec Will+ rCorr}
  4211 | D:4      | Found a stormy altar of Qazlal.
  4226 | D:5      | Entered Level 5 of the Dungeon
  4340 | D:5      | Found a shimmering altar of Xom.
  4854 | D:5      | Reached skill level 5 in Fighting
  4854 | D:5      | Reached skill level 5 in Maces & Flails
  4854 | D:5      | Reached XP level 8. HP: 71/80 MP: 6/15
  5037 | D:5      | Found a glowing golden altar of the Shining One.
  5151 | D:5      | Found a sparkling altar of Nemelex Xobeh.
  5300 | D:5      | Found a blossoming altar of Fedhas.
  5728 | D:6      | Found a sand-covered staircase.
  5734 | Ossuary  | Entered an ossuary
  6221 | Ossuary  | Reached skill level 5 in Spellcasting
  6599 | Ossuary  | Identified a scroll of acquirement
  6617 | D:6      | Acquired 274 gold pieces
  7102 | D:6      | Found a sacrificial altar of Ru.
  7325 | D:6      | Reached XP level 9. HP: 92/92 MP: 10/17
  7514 | D:6      | Killed from afar by a steam dragon

Illustrated notes

Levels and vault maps discovered:
D:1:      minmay_arrival_five_plusses, layout_basic, serial_bayou_pond_e,
          st_stairs_3
D:2:      cheibrodos_old_hovel, layout_loops_ring,
          shapermc_ecumenical_altar_rom_forum, basic_altar,
          kennysheep_generic_room_8, uniq_terence
D:3:      layout_loops_corners
D:4:      layout_basic, mainiacjoe_overflow_concentric_impassable,
          general_overflow_altar, minmay_temple_entry_glassed_door,
          minmay_door_square, minmay_surrounded
D:5:      layout_loops_ring, mainiacjoe_overflow_chevrons,
          mainiacjoe_overflow_small_starburst, old_standard_altar,
          mainiacjoe_overflow_six_doors_small, chequers_decorated_corner,
          sigmund_army
D:6:      minmay_general_purpose_star, layout_loops_ring,
          nicolae_ru_the_path_less_chosen, nicolae_ossuary_entry_false_entrances

Skill      XL: |  1  2  3  4  5  6  7  8  9 |
---------------+----------------------------+-----
Summonings     | 1 |  1.0
Conjurations   | 1 2 3 |  3.7
Translocations | 1 |  1.0
Maces & Flails | 1 2 3 5 6 7 |  7.2
Fighting       | 1 2 3 5 6 7 |  7.1
Spellcasting   | 4 5 6 |  6.1
Dodging        | |  1.7
Stealth        | |  1.4

Action                   |  1- 3 |  4- 6 |  7- 9 || total
-------------------------+-------+-------+-------++-------
Melee: Dagger            |    28 |       |       ||    28
       Staff             |     4 |    24 |     6 ||    34
       Club              |     9 |       |       ||     9
       Mace              |       |       |   143 ||   143
       Giant club        |       |       |    56 ||    56
       Morningstar       |       |       |     6 ||     6
       Punch             |       |       |     2 ||     2
 Cast: Magic Dart        |    70 |   100 |   171 ||   341
       Call Imp          |       |       |     4 ||     4
       Blink             |       |       |     1 ||     1
       Cigotuvi's Dreadf |       |       |     1 ||     1
  Use: Potion            |     4 |     5 |     1 ||    10
       Scroll            |       |       |    13 ||    13
Armor: Robe              |    13 |    22 |    98 ||   133
Dodge: Dodged            |    54 |    53 |   241 ||   348

Table legend: (Time is in decaauts)
 A = Elapsed time spent in this place.
 B = Non-inter-level travel time spent in this place.
 C = Inter-level travel time spent in this place.
 D = Time resting spent in this place.
 E = Time spent auto-exploring this place.
 F = Levels seen in this place.
 G = Mean time per level.
                   A        B        C        D        E       F      G
               +--------+--------+--------+--------+--------+-----+--------+
         Total |   7508 |   7394 |    114 |   1299 |   4925 |   7 | 1072.6 |
       Dungeon |   6618 |   6504 |    114 |   1060 |   4522 |   6 | 1103.0 |
       Ossuary |    889 |    889 |      0 |    239 |    403 |   1 |  889.0 |
               +--------+--------+--------+--------+--------+-----+--------+

Top non-repeatable levels by time:
     D:4: 1462 daAuts
     D:1: 1414 daAuts
     D:5: 1346 daAuts
     D:2: 1131 daAuts
     D:6: 1067 daAuts
 Ossuary: 889 daAuts
     D:3: 195 daAuts
